 Dungeon Crawl Stone Soup version 0.32-a0-799-g95e1662365 (webtiles) character file.

Game seed: 13371789859419471067

2734 GloriousHammer the Grappler (level 9, 0/56 HPs)
             Began as an Octopode Shapeshifter on Mar 21, 2024.
             Was an Initiate of Gozag.
             Slain by a vampire
             ... wielding a +0 dagger
              (13 damage)
             ... on level 8 of the Dungeon on Mar 22, 2024.
             The game lasted 00:21:15 (8495 turns).

GloriousHammer the Grappler (Octopode Shapeshifter) Turns: 8495, Time: 00:21:16

Health: 0/56       AC:  1    Str: 16    XL:     9   Next: 67%
Magic:  9/9        EV: 12    Int: 14    God:    Gozag
Gold:   642        SH:  0    Dex: 11    Spells: 8/8 levels left

rFire   . .          .
                       - Unarmed
rCold   . . .        (no shield)
rNeg    . . .        (helmet currently unavailable)
rPois   .            (no amulet)
rElec   .            Z - ring of wizardry
rCorr   .            (no ring)
SInv    .            (no ring)
Will    .....        (no ring)
Stlth   ++++         (no ring)
HPRegen 0.29/turn    (no ring)
MPRegen 0.11/turn    (no ring)
                     (no ring)

%: wizardry (x1)
@: beast-form
A: beast (slay +3), almost no armour, amphibious, 8 rings, camouflage 1,
gelatinous body 1, (nimble swimmer 1), tentacles
a: Begin Untransformation, Renounce Religion, Potion Petition, Call Merchant,
Bribe Branch


You were on level 8 of the Dungeon.
You worshipped Gozag.
Gozag was pleased with you.
You were a hulking beast.
You visited 2 branches of the dungeon, and saw 9 of its levels.

You collected 1026 gold pieces.
You paid 384 gold pieces to Gozag.

Inventory:

Hand Weapons
 a - a +0 orcbow
 t - a +0 sling
Missiles
 h - 2 atropa-tipped darts (quivered)
 u - a throwing net
 y - 2 curare-tipped darts
 D - 9 poisoned darts
Jewellery
 Z - a ring of wizardry (left tentacle)
Talismans
 b - a beast talisman (active)
 c - a flux talisman
 s - a serpent talisman
Wands
 r - a wand of flame (12)
 A - a wand of charming (5)
Scrolls
 e - 3 scrolls of immolation
 f - 2 scrolls of blinking
 g - 3 scrolls of enchant armour
 k - 3 scrolls of enchant weapon
 m - 2 scrolls of fog
 n - a scroll of noise {unknown}
 o - a scroll of teleportation {unknown}
 p - a scroll of vulnerability {unknown}
 q - a scroll of brand weapon {unknown}
 x - 3 scrolls of poison {unknown}
 C - a scroll of fear {unknown}
Potions
 d - 2 potions of mutation
 i - 2 potions of curing {unknown}
 j - a potion of heal wounds {unknown}
 l - a potion of lignification
 v - a potion of berserk rage {unknown}
 w - 2 potions of haste {unknown}
 z - 2 potions of might {unknown}
 B - a potion of degeneration {unknown}


   Skills:
 + Level 3.0 Fighting
 + Level 3.5 Dodging
 - Level 6.0 Stealth
 + Level 9.8 Unarmed Combat
 + Level 6.8 Shapeshifting


You had 8 spell levels left.
You didn't know any spells.
Your spell library contained the following spells:

 Spells                   Type           Power      Damage    Failure   Level
 Apportation              Tloc           0%         N/A       12%         1
 Kiss of Death            Conj/Necr      0%         2d5       12%         1
 Necrotise                Necr           0%         1d4       12%         1
 Shock                    Conj/Air       0%         1d3       12%         1
 Sting                    Conj/Alch      0%         1d3       12%         1
 Summon Small Mammal      Summ           0%         N/A       12%         1
 Ensorcelled Hibernation  Hex/Ice        0%         N/A       17%         2
 Lesser Beckoning         Tloc           0%         N/A       17%         2
 Confusing Touch          Hex            0%         N/A       32%         3
 Fugue of the Fallen      Necr           0%         N/A       32%         3
 Gell's Gravitas          Tloc           0%         N/A       32%         3
 Swiftness                Air            0%         N/A       32%         3
 Teleport Other           Tloc           0%         N/A       32%         3
 Airstrike                Air            0%         2d(0-16)  71%         4
 Anguish                  Hex/Necr       0%         N/A       71%         4
 Dispel Undead            Necr           0%         3d6       71%         4


Dungeon Overview and Level Annotations

Branches:
Dungeon (8/15)             Temple (1/1) D:6
   Lair: D:8-11

Altars:
Ashenzari
Cheibriados
Dithmenos
Elyvilon
Gozag
Hepliaklqana
Kikubaaqudgha
Makhleb
Nemelex Xobeh
Okawaru
Ru
Sif Muna
Trog
Uskayaw
Wu Jian
Yredelemnul
Zin

Shops:
D:5 (

Annotations:
D:3 exclusion: downstairs
D:4 exclusion: downstairs
D:5 Sigmund


Innate Abilities, Weirdness & Mutations

You are a hulking beast.
Your limbs bulge with bestial killing power. (Slay +3)
You cannot wear most types of armour.
You are amphibious.
You can wear up to eight rings at the same time.
Your skin changes colour to match your surroundings (Stealth+).
Your rubbery body absorbs attacks. (AC +1, EV +1)
((You are camouflaged when in or above water. (Stealth+)))
You have tentacles for arms and can constrict up to eight enemies at once.


Message History

You shoot an arrow. The arrow barely misses the orc.
An orc comes into view. It is wielding a +0 flail.
You shoot an arrow. The arrow hits the orc!
The orc is almost dead.
You hear a shout!
An orc comes into view. It is wielding a +0 hand axe.
You are now empty-tentacled.
The orc hits you with a +0 dagger.
You tentacle-slap the orc.
You kill the orc!
The orc is distracted by your dazzling golden aura.
There is an open door here.
You hear a distant slurping noise.
There is a stone staircase leading up here.
a - a +0 orcbow (weapon)
You shoot an arrow. The arrow hits the orc!
You kill the orc!
You start waiting.
You hear a distant slurping noise.
An orc is nearby!
You shoot an arrow. The arrow barely misses the orc.
The orc shouts!
You hear a shout!
You shoot an arrow. The arrow barely misses the orc.
The orc closely misses you.
You are now empty-tentacled.
The orc closely misses you.
You tentacle-slap the orc. You grab the orc. You squeeze the orc.
You kill the orc!
You now have 622 gold pieces (gained 6).
You see here a +0 hand axe.
An orc comes into view. It is wielding a +0 hand axe.
There is a stone staircase leading up here.
a - a +0 orcbow (weapon)
You shoot an arrow. The arrow closely misses the orc.
The orc is distracted by your dazzling golden aura.
You shoot an arrow. The arrow barely misses the orc.
The orc shouts!
The orc is no longer distracted by gold.
No target in view!
You start waiting.
An orc is nearby!
You are now empty-tentacled.
The orc hits you with a +0 hand axe.
You barely miss the orc. You grab the orc. You constrict the orc.
The orc hits you with a +0 hand axe.
You tentacle-slap the orc.
You kill the orc!
You now have 628 gold pieces (gained 6).
You see here a +0 hand axe.
An orc comes into view. It is wielding a +0 club.
The orc shouts!
There is an open door here.
Things that are here:
5 gold pieces; a +0 flail; a +0 leather armour
a - a +0 orcbow (weapon)
You shoot an arrow. The arrow hits the orc!
You kill the orc!
No target in view!
You are now empty-tentacled.
You now have 633 gold pieces (gained 5).
There is an open door here.
Things that are here:
a +0 flail; a +0 leather armour You start resting.
HP restored.
You now have 639 gold pieces (gained 6).
You see here a +0 club.
You now have 642 gold pieces (gained 3).
x - 3 scrolls labelled IQACRU YNOROH (gained 1)
Things that are here:
a +0 dagger; a +0 ring mail You hear a distant slurping noise.
Found a shimmering blue altar of Sif Muna.
You pick up a book of Cantrips and begin reading...
You add the spells Sting, Necrotise, Summon Small Mammal and Apportation to your library.
A vampire comes into view. It is wielding a +0 dagger.
a - a +0 orcbow (weapon)
You shoot an arrow.
The arrow hits the vampire but does no damage.
You shoot an arrow. The arrow hits the vampire!
The vampire is moderately damaged.
The vampire gestures wildly while chanting.
The vampire flickers and vanishes!
Deactivating autopickup; reactivate with Ctrl-A.
Fire: a) +0 orcbow
Press: ? - help, Q - select action, (/) - cycle Shift-Dir - straight line You shoot an arrow.
Something hits you. Something bites you!
Something draws strength from your injuries!
You are now empty-tentacled.
You barely miss something. Your squeeze misses something. Something hits you!
Something bites you!
* * * LOW HITPOINT WARNING * * *
Something draws strength from your injuries!
You closely miss something. Something hits you.
* * * LOW HITPOINT WARNING * * *
Something bites you!
You die...
Your body crumbles into a pile of gold.

....# ... ...... ....# ....
...... ....######...
......#####.#........#
............#........#.....#
............#........#.....#
............#........#.....#
..............{h.....#.....#
...........#...#.....#.....#
..##..##.###...##.)..#.....#
#. ### #...####..#.....# +
##...## #.)#[....#
##.#.#.###..#.)<..#
#.#####.##..#)....#
##.#.#.###..).....# ##...##
#..#.....#


There were no monsters in sight!

Vanquished Creatures
  A steam dragon (D:7)
  Edmund (D:5)
  4 black bears
  2 centaurs
  2 kobold brigands
  4 scorpions
  2 bullfrogs (D:6)
  3 wights (D:6)
  4 killer bees
  A howler monkey (D:5)
  3 bombardier beetles
  Crazy Yiuf (D:2)
  3 hounds (D:4)
  4 jellies
  A gnoll bouda (D:5)
  3 orc priests
  3 sleepcaps
  6 iguanas
  An orc wizard (D:3)
  4 gnolls (D:5)
  3 adders
  2 white imps
  4 dart slugs
  25 orcs
  3 bats
  5 endoplasms
  6 giant cockroaches
  6 goblins
  7 hobgoblins
  6 quokkas
  4 ball pythons
  3 frilled lizards
  25 kobolds
  8 rats
160 creatures vanquished.

Vanquished Creatures (collateral kills)
  3 killer bees (D:7)
3 creatures vanquished.

Vanquished Creatures (others)
  2 killer bees (D:7)
2 creatures vanquished.

Grand Total: 165 creatures vanquished

Notes
Turn   | Place    | Note
-------+----------+-------------------------------------------
     0 | D:1      | GloriousHammer the Octopode Shapeshifter began the quest
                  | for the Orb.
     0 | D:1      | Reached XP level 1. HP: 13/13 MP: 1/1
     0 | D:1      | Upgraded the game from 0.32-a0-791-gfc315c9ecd to
                  | 0.32-a0-799-g95e1662365
   116 | D:1      | Reached XP level 2. HP: 18/18 MP: 2/2
   201 | D:1      | Reached skill level 1 in Stealth
   633 | D:2      | Reached XP level 3. HP: 23/23 MP: 3/3
   836 | D:2      | Found a runed translucent door.
   837 | D:2      | Noticed Crazy Yiuf
  1573 | D:2      | Killed Crazy Yiuf
  1574 | D:2      | Reached skill level 4 in Unarmed Combat
  1574 | D:2      | Reached XP level 4. HP: 28/28 MP: 4/4
  1674 | D:3      | Reached XP level 5. HP: 33/33 MP: 5/5
  1983 | D:3      | Found an opulent altar of Gozag.
  2273 | D:3      | Became a worshipper of Gozag Ym Sagoz the Greedy
  2417 | D:4      | Reached skill level 5 in Unarmed Combat
  2440 | D:4      | Reached XP level 6. HP: 38/38 MP: 6/6
  2618 | D:4      | Noticed a black bear
  2623 | D:4      | Noticed a black bear
  2912 | D:4      | Killed a black bear
  2913 | D:4      | Reached XP level 7. HP: 5/43 MP: 7/7
  3094 | D:4      | Reached skill level 5 in Stealth
  3094 | D:4      | Reached skill level 6 in Unarmed Combat
  3672 | D:4      | Identified the +1 pair of gloves of the Doldrums {Fly rElec
                  | rF- Int+6}
  3693 | D:5      | Entered Level 5 of the Dungeon
  4037 | D:5      | Reached skill level 5 in Shapeshifting
  4037 | D:5      | Reached XP level 8. HP: 40/48 MP: 8/8
  4039 | D:5      | Reached skill level 7 in Unarmed Combat
  4504 | D:5      | Found Budets's Weapon Emporium.
  4690 | D:5      | Reached skill level 8 in Unarmed Combat
  4831 | D:5      | Noticed Edmund
  4848 | D:5      | Killed Edmund
  5135 | D:5      | Noticed Sigmund
  5779 | D:6      | Reached XP level 9. HP: 53/53 MP: 9/9
  5897 | D:6      | Reached skill level 9 in Unarmed Combat
  5913 | D:6      | Found a staircase to the Ecumenical Temple.
  6080 | Temple   | Entered the Ecumenical Temple
  6443 | D:6      | Found a sparkling altar of Nemelex Xobeh.
  6561 | D:6      | Found an iron altar of Okawaru.
  6561 | D:6      | Found a hide-covered altar of Uskayaw.
  6731 | D:6      | Found a hazy altar of Hepliaklqana.
  8463 | D:8      | Found a shimmering blue altar of Sif Muna.
  8495 | D:8      | Slain by a vampire

Illustrated notes

Levels and vault maps discovered:
D:1:      amcnicky_arrival_single_pillar, layout_basic, st_stairs_14,
          nicolae_the_louvre
D:2:      layout_loops_cross, minivault_5, minmay_cut_off,
          uniq_crazy_yiuf_cottage
D:3:      layout_loops_ring, nicolae_gozag_seed_capital
D:4:      layout_rooms
D:5:      layout_basic, serial_shops, nicolae_shop_bloodbath_and_beyond,
          serial_park_tiny_2, dk_noncrumbling_2, sigmund_edmund_badplayer
D:6:      layout_loops_ring, lemuel_doored_altar,
          mainiacjoe_overflow_divided_tiny, nicolae_hepliaklqana_hazy_memory,
          minmay_temple_entry_stoned_glass
D:7:      kennysheep_kobold_camp, layout_rooms
D:8:      layout_gridville, minitemple, serial_library_hellmonk_narrow_alcove,
          chequers_arboretum, uniq_amaemon
Temple:   bh_familiar_temple

Skill      XL: |  1  2  3  4  5  6  7  8  9 |
---------------+----------------------------+-----
Stealth        | 1 2 3 4 6 |  6.0
Unarmed Combat | 4 5 6 8 9 |  9.8
Shapeshifting  | 4 5 6 |  6.8
Fighting       | 3 |  3.0
Dodging        | 3 |  3.5

Action                     |  1- 3 |  4- 6 |  7- 9 || total
---------------------------+-------+-------+-------++-------
  Melee: Unarmed           |    63 |    47 |   151 ||   261
         Constrict         |    17 |    13 |    38 ||    68
         Tentacles         |     5 |     9 |    32 ||    46
         Punch             |     1 |     2 |     9 ||    12
   Fire: Sling             |       |       |     4 ||     4
         Orcbow            |       |       |   118 ||   118
 Invoke: Potion Petition   |       |       |     1 ||     1
  Evoke: Wand              |       |     2 |     2 ||     4
    Use: Scroll            |       |     3 |     3 ||     6
   Stab: Sleeping          |    17 |     9 |     3 ||    29
 Armour: Skin              |    11 |    21 |   101 ||   133
  Dodge: Dodged            |    24 |    17 |    84 ||   125

Table legend: (Time is in decaauts)
 A = Elapsed time spent in this place.
 B = Non-inter-level travel time spent in this place.
 C = Inter-level travel time spent in this place.
 D = Time resting spent in this place.
 E = Time spent auto-exploring this place.
 F = Levels seen in this place.
 G = Mean time per level.
                   A        B        C        D        E       F      G
               +--------+--------+--------+--------+--------+-----+--------+
         Total |   8497 |   8083 |    414 |   2691 |   3627 |   9 |  944.1 |
       Dungeon |   8495 |   8081 |    414 |   2691 |   3627 |   8 | 1061.9 |
        Temple |      1 |      1 |      0 |      0 |      0 |   1 |    1.0 |
               +--------+--------+--------+--------+--------+-----+--------+

Top non-repeatable levels by time:
     D:5: 1540 daAuts
     D:6: 1449 daAuts
     D:7: 1442 daAuts
     D:4: 1268 daAuts
     D:3: 1017 daAuts
     D:2: 983 daAuts
     D:1: 609 daAuts
     D:8: 183 daAuts
  Temple: 1 daAuts
